 Dungeon Crawl Stone Soup version 0.29-a0-268-g5627465c62 (webtiles) character file.

Game seed: 14552521887755970094

399 Ordine the Slasher (level 6, -2/43 HPs)
             Began as an Octopode Warper on Mar 7, 2022.
             Was an Initiate of Dithmenos.
             Slain by an ice beast (14 damage)
             ... on level 4 of the Dungeon.
             The game lasted 00:10:01 (4682 turns).

Ordine the Slasher (Octopode Warper)                Turns: 4682, Time: 00:10:02

Health: -2/43      AC:  1    Str: 16    XL:     6   Next: 84%
Magic:  9/9        EV: 13    Int: 22    God:    Dithmenos [......]
Gold:   225        SH:  5    Dex: 13    Spells: 9/9 levels left

rFire   . . .      SeeInvis .   a - +0 long sword
rCold   . . .      Faith    .   (no shield)
rNeg    . . .      Spirit   .   (helmet restricted)
rPois   .          Reflect  +   q - amulet of reflection
rElec   .          Harm     .   n - +6 ring of strength
rCorr   .          Rampage  .   o - +6 ring of intelligence
Will    .....                   (no ring)
Stlth   ++........              (no ring)
HPRegen 0.14/turn               (no ring)
MPRegen 0.11/turn               (no ring)
                                (no ring)
                                (no ring)

@: no status effects
A: almost no armour, amphibious, 8 rings, camouflage 1, gelatinous body 1,
(nimble swimmer 1), tentacles
a: Renounce Religion


You were on level 4 of the Dungeon.
You worshipped Dithmenos.
Dithmenos was noncommittal.
You visited 2 branches of the dungeon, and saw 5 of its levels.

You collected 225 gold pieces.

Inventory:

Hand Weapons
 a - a +0 long sword (weapon)
 b - a +1 dagger of venom
 g - a +0 great sword of holy wrath
Missiles
 c - 7 boomerangs of dispersal
 p - 4 poisoned darts (quivered)
Jewellery
 n - a +6 ring of strength (left tentacle)
 o - a +6 ring of intelligence (right tentacle)
 q - an amulet of reflection (around mantle)
Scrolls
 d - a scroll of enchant weapon {unknown}
 e - 2 scrolls of teleportation {unknown}
 h - 2 scrolls of immolation {unknown}
 i - 3 scrolls of identify {unknown}
 k - a scroll of blinking
 l - a scroll of summoning {unknown}
 m - a scroll of magic mapping {unknown}
 r - 2 scrolls of noise {unknown}
 t - a scroll of brand weapon {unknown}
 v - a scroll of silence {unknown}
Potions
 f - a potion of degeneration {unknown}
 j - 2 potions of brilliance {unknown}
 s - 2 potions of invisibility {unknown}
 u - a potion of mutation {unknown}


   Skills:
 + Level 3.8 Fighting
 * Level 5.2 Long Blades
 + Level 3.4 Throwing
 - Level 2.3 Dodging
 - Level 2.0 Spellcasting
 - Level 3.0 Translocations


You had 9 spell levels left.
You didn't know any spells.
Your spell library contained the following spells:

 Spells                   Type           Power      Damage    Failure   Level
 Blink                    Tloc           30%        N/A       6%          2
 Gell's Gravitas          Tloc           15%        N/A       12%         3
 Lesser Beckoning         Tloc           15%        N/A       12%         3
 Teleport Other           Tloc           15%        N/A       12%         3
 Summon Small Mammal      Summ           8%         N/A       14%         1
 Call Canine Familiar     Summ           2%         N/A       38%         3
 Summon Guardian Golem    Hex/Summ       2%         N/A       38%         3
 Manifold Assault         Tloc           15%        N/A       73%         5


Dungeon Overview and Level Annotations

Branches:
Dungeon (4/15)             Temple (1/1) D:4

Altars:
Ashenzari
Cheibriados
Dithmenos
Elyvilon
Fedhas
Gozag
Hepliaklqana
Kikubaaqudgha
Makhleb
Nemelex Xobeh
Okawaru
Qazlal
Ru
Sif Muna
Trog
Uskayaw
Vehumet
Wu Jian
Yredelemnul
Zin
The Shining One


Innate Abilities, Weirdness & Mutations

You cannot wear most types of armour.
You are amphibious.
You can wear up to eight rings at the same time.
Your skin changes colour to match your surroundings (Stealth+).
Your rubbery body absorbs attacks. (AC +1, EV +1)
((You are camouflaged when in or above water. (Stealth+)))
You have tentacles for arms and can constrict up to eight enemies at once.


Message History

You block the ice beast's attack.
You hit the ice beast.
The ice beast is moderately wounded.
The ice beast barely misses you.
You hit the ice beast but do no damage.
The ice beast is moderately wounded.
The ice beast hits you. The ice beast freezes you!
You slash the ice beast!
The ice beast is heavily wounded.
You block the ice beast's attack.
You barely miss the ice beast.
The ice beast is heavily wounded.
The ice beast closely misses you. The ice beast barely misses you.
You hit the ice beast but do no damage.
You tentacle-slap the ice beast, but do no damage.
The ice beast is heavily wounded.
The ice beast closely misses you.
You hit the ice beast. You squeeze the ice beast.
The ice beast is severely wounded.
The ice beast closely misses you.
You hit the ice beast but do no damage.
The ice beast is severely wounded.
The ice beast misses you.
You barely miss the ice beast.
The ice beast is severely wounded.
The ice beast barely misses you.
You barely miss the ice beast.
The ice beast is severely wounded.
The ice beast hits you. The ice beast freezes you!
You are too injured to fight recklessly!
You are too injured to fight recklessly!
You closely miss the ice beast.
The ice beast is severely wounded.
You block the ice beast's attack.
You hit the ice beast. You squeeze the ice beast.
The ice beast is almost dead.
The ice beast closely misses you. The ice beast hits you.
* * * LOW HITPOINT WARNING * * *
The ice beast freezes you!
You die...

#### #.. #Y#
#@#
#.###########
#...........#
###########.#
#.# #.# #.#
#.# #.#


You could see an ice beast.

Vanquished Creatures
  Sigmund (D:3)
  A hound (D:4)
  An iguana (D:4)
  Natasha (thrice) (D:3)
  3 adders
  A worm (D:3)
  2 orcs
  7 bats
  9 endoplasms
  3 giant cockroaches (D:1)
  6 goblins
  15 hobgoblins
  4 jackals (D:1)
  5 kobolds
  3 quokkas
  4 ball pythons
  4 frilled lizards
  3 rats
75 creatures vanquished.

Vanquished Creatures (others)
  A fungus (D:2)
  2 plants (D:2)
3 creatures vanquished.

Grand Total: 78 creatures vanquished

Notes
Turn   | Place    | Note
-------+----------+-------------------------------------------
     0 | D:1      | Ordine the Octopode Warper began the quest for the Orb.
     0 | D:1      | Reached XP level 1. HP: 14/14 MP: 3/3
    44 | D:1      | Reached XP level 2. HP: 13/19 MP: 5/5
   806 | D:1      | Reached XP level 3. HP: 25/25 MP: 6/6
  1150 | D:1      | Reached skill level 3 in Long Blades
  1970 | D:2      | Reached XP level 4. HP: 22/30 MP: 7/7
  2076 | D:2      | Found an opulent altar of Gozag.
  2317 | D:2      | Found a faded altar of an unknown god.
  2515 | D:3      | Noticed Sigmund
  2853 | D:3      | Noticed Natasha
  2860 | D:3      | Killed Natasha
  3055 | D:3      | Noticed Natasha
  3067 | D:3      | Killed Natasha
  3068 | D:3      | Reached XP level 5. HP: 35/36 MP: 8/8
  3197 | D:3      | Reached skill level 4 in Long Blades
  3416 | D:3      | Noticed Natasha
  3420 | D:3      | Killed Natasha
  3519 | D:3      | Killed Sigmund
  3520 | D:3      | Reached XP level 6. HP: 27/42 MP: 9/9
  3739 | D:4      | Found a staircase to the Ecumenical Temple.
  3749 | Temple   | Entered the Ecumenical Temple
  3856 | Temple   | Became a worshipper of Dithmenos the Shadowed
  4079 | D:4      | Reached skill level 5 in Long Blades
  4668 | D:4      | Noticed an ice beast
  4682 | D:4      | Slain by an ice beast

Illustrated notes

Levels and vault maps discovered:
D:1:      ebering_hopf_link, layout_loops_ring
D:2:      layout_rooms, basic_altar, shapermc_ecumenical_altar_acropolis,
          serial_forest, infiniplex_forest_lined_4_way,
          infiniplex_forest_corner_1, infiniplex_forest_lined_room_,
          infiniplex_forest_clump_long, infiniplex_forest_straight_2,
          infiniplex_forest_straight_2, infiniplex_forest_clump_medium
D:3:      layout_rooms, amethyst_killhole, uniq_natasha, uniq_sigmund
D:4:      layout_basic, lemuel_crystal_altar, minmay_temple_entry_ruins,
          gammafunk_ghost_grave, hangedman_decor_riveting, nicolae_shop_gadgets
Temple:   kilobyte_greek_temple

Skill      XL: |  1  2  3  4  5  6 |
---------------+-------------------+-----
Long Blades    | 3 4 5 |  5.2
Throwing       | 2 3 |  3.4
Fighting       | 3 |  3.8
Dodging        | |  2.3
Spellcasting   | |  2.0
Translocations | |  3.0

Action                   |  1- 3 |  4- 6 || total
-------------------------+-------+-------++-------
Melee: Falchion          |    89 |    18 ||   107
       Constrict         |    22 |    17 ||    39
       Tentacles         |    16 |    19 ||    35
       Punch             |     1 |     1 ||     2
       Long sword        |       |    68 ||    68
       Dagger            |       |     7 ||     7
Throw: Dart              |       |     4 ||     4
  Use: Potion            |       |     1 ||     1
 Stab: Sleeping          |     4 |     5 ||     9
Armor: Skin              |     3 |     4 ||     7
Dodge: Dodged            |    56 |    50 ||   106
Block: Other             |       |    13 ||    13

Table legend: (Time is in decaauts)
 A = Elapsed time spent in this place.
 B = Non-inter-level travel time spent in this place.
 C = Inter-level travel time spent in this place.
 D = Time resting spent in this place.
 E = Time spent auto-exploring this place.
 F = Levels seen in this place.
 G = Mean time per level.
                   A        B        C        D        E       F      G
               +--------+--------+--------+--------+--------+-----+--------+
         Total |   4711 |   4639 |     72 |    261 |   3796 |   5 |  942.2 |
       Dungeon |   4562 |   4501 |     61 |    261 |   3671 |   4 | 1140.5 |
        Temple |    149 |    138 |     11 |      0 |    125 |   1 |  149.0 |
               +--------+--------+--------+--------+--------+-----+--------+

Top non-repeatable levels by time:
     D:1: 1427 daAuts
     D:3: 1239 daAuts
     D:2: 1065 daAuts
     D:4: 829 daAuts
  Temple: 149 daAuts
